 Dungeon Crawl Stone Soup version 0.29-a0-551-gffc1d7fb78 (webtiles) character file.

Game seed: 400603492524913539

114 Demosthentine the Chopper (level 4, -9/22 (24) HPs)
             Began as a Vine Stalker Chaos Knight on June 6, 2022.
             Was a Plaything of Xom.
             Killed by divine providence
             ... invoked by an orc priest
              (12 damage)
             ... on level 4 of the Dungeon.
             The game lasted 00:01:47 (2646 turns).

Demosthentine the Chopper (VSCK)                    Turns: 2646, Time: 00:01:47

HP:   -9/22 (24)    AC:  6    Str: 16    XL:     4   Next: 98%
MP:   0/5           EV: 12    Int: 18    God:    Xom [*.....]
Gold: 182           SH:  0    Dex: 14    Spells: 3/3 levels left

rFire   . . .      SeeInvis .   a - +0 hand axe (chaos)
rCold   . . .      Faith    .   (no shield)
rNeg    . . .      Spirit   +   b - +2 leather armour
rPois   .          Reflect  .   (no helmet)
rElec   .          Harm     .   (no cloak)
rCorr   .          Rampage  .   q - +0 pair of gloves
Will    .....                   (no boots)
Stlth   +.........              (no amulet)
HPRegen 0.87/turn               o - +6 ring of intelligence
MPRegen 0.09/turn               (no ring)

@: drained
A: fangs 2, regeneration 1, magic shield, antimagic bite, no potion heal 2
a: Renounce Religion


You were on level 4 of the Dungeon.
You worshipped Xom.
You were a special plaything of Xom.
You visited 1 branch of the dungeon, and saw 4 of its levels.

You collected 182 gold pieces.

Inventory:

Hand Weapons
 a - a +0 hand axe of chaos (weapon)
Armour
 b - a +2 leather armour (worn)
 q - a +0 pair of gloves (worn)
Jewellery
 o - a +6 ring of intelligence (left hand)
 r - a +6 ring of strength
 t - a ring of wizardry
Wands
 m - a wand of iceblast (10)
Scrolls
 f - a scroll of fog
 n - a scroll of enchant armour {unknown}
 p - a scroll of silence
 s - a scroll of brand weapon {unknown}
Potions
 d - a potion of brilliance
 e - a potion of flight {unknown}
 g - a potion of ambrosia {unknown}
 h - a potion of curing {unknown}
 i - a potion of haste
 j - a potion of berserk rage {unknown}
 k - 2 potions of heal wounds {unknown}
 l - a potion of lignification {unknown}
Miscellaneous
 c - a piece from Xom's chessboard (15/15) (quivered)


   Skills:
 + Level 3.3 Fighting
 + Level 3.4 Axes
 + Level 2.4 Armour
 + Level 1.9 Dodging


You had 3 spell levels left.
You didn't know any spells.
Your spell library was empty.

Dungeon Overview and Level Annotations

Branches:
Dungeon (4/15)
 Temple: D:4-7

Altars:
Okawaru
Qazlal
Trog
Vehumet


Innate Abilities, Weirdness & Mutations

You have extremely sharp teeth.
Your natural rate of healing is unusually fast.
When hurt, damage is shared between your health and your magic reserves.
Your bite disrupts and absorbs the magic of your enemies.
Potions cannot restore your health.


Message History

The orc shouts!
An orc priest comes into view. It is wielding a +0 club.
You see here a ring of flight.
The orc priest shouts!
The orc priest mumbles some strange prayers to Beogh against you.
Beogh smites you!
You hear a shout!
There are monsters nearby!
You hear a shout!
Found a steaming dagger.
The orc hits you with a +0 flail.
There are monsters nearby!
You slash the orc!
The orc looks as sick as possible!
The orc is almost dead.
You kill the orc!
An orc comes into view. It is wielding a +0 dagger.
There are monsters nearby!
You closely miss the orc priest.
The orc priest looks satisfied for a moment.
You completely miss the orc priest.
You bite the orc priest, but do no damage.
The orc priest closely misses you.
You closely miss the orc priest. You barely miss the orc.
The orc priest calls down the wrath of Beogh upon you.
Pain shoots through your body! The orc misses you.
The orc priest calls down the wrath of Beogh upon you.
Beogh smites you!
* * * LOW HITPOINT WARNING * * *
The orc hits you but does no damage.
You hear a shout!
You are too injured to fight recklessly!
You are too injured to fight recklessly!
Unknown command.
You hit the orc priest. You burn the orc priest.
The orc priest is heavily wounded.
You barely miss the orc.
The orc priest calls down the wrath of Beogh upon you.
Beogh smites you!
Ouch! That really hurt!
You die...
Xom roars with laughter!

# #.# #
#######.##
#
.........#
#
#######..#
# #..# #
#=.# #..#
#..# .
#@.# #
#oo# #
#..# #
...# ##
.... .###
##...)
...# ###..
.#.# .##
##.#


You could see an orc priest and an orc.

Vanquished Creatures
  An iguana (D:3)
  3 adders
  A worm (D:2)
  3 orcs
  2 endoplasms
  A giant cockroach (D:1)
  A goblin (D:3)
  2 hobgoblins (D:1)
  6 ball pythons
  3 bats
  3 frilled lizards
  7 kobolds
  2 rats
35 creatures vanquished.

Notes
Turn   | Place    | Note
-------+----------+-------------------------------------------
     0 | D:1      | Demosthentine the Vine Stalker Chaos Knight began the quest
                  | for the Orb.
     0 | D:1      | Reached XP level 1. HP: 11/11 MP: 2/2
   233 | D:1      | XOM: cloud trail
   281 | D:1      | Reached skill level 1 in Dodging
   406 | D:1      | Reached XP level 2. HP: 16/16 MP: 3/3
   861 | D:2      | Found a faded altar of an unknown god.
   932 | D:2      | XOM: silly message
   938 | D:2      | Reached XP level 3. HP: 8/20 MP: 4/4
  1068 | D:2      | XOM: silly message
  1165 | D:2      | Found a bloodstained altar of Trog.
  1557 | D:3      | Found an iron altar of Okawaru.
  1645 | D:3      | Gained mutation: Your natural rate of healing is unusually
                  | fast. [Vine Stalker growth]
  1645 | D:3      | Reached XP level 4. HP: 21/24 MP: 5/5
  1652 | D:3      | Found a stormy altar of Qazlal.
  1652 | D:3      | Found a bloodstained altar of Trog.
  1653 | D:3      | Found a radiant altar of Vehumet.
  2179 | D:3      | XOM: silly message
  2535 | D:4      | XOM: draining
  2564 | D:4      | XOM: god gift: 6 atropa-tipped darts
  2646 | D:4      | Killed from afar by an orc priest

Illustrated notes

Levels and vault maps discovered:
D:1:      psy_arrival_terrarium, layout_loops_ring
D:2:      layout_basic, hellmonk_ecumenical_altar_lost_god, basic_altar
D:3:      layout_loops_ring, okawaru_gym_becter, nicolae_overflow_hidden_temple
D:4:      layout_loops_ring, minmay_temple_entry_grid, uniq_crazy_yiuf_cottage

Skill      XL: |  1  2  3 |
---------------+----------+-----
Dodging        | 1 |  1.9
Fighting       | 3 |  3.3
Axes           | 3 |  3.4
Armour         | 2 |  2.4

Action                   |  1- 3 |  4- 6 || total
-------------------------+-------+-------++-------
Melee: Hand axe          |    44 |    35 ||    79
       Bite              |     3 |     7 ||    10
  Use: Scroll            |     8 |     1 ||     9
Armor: Leather armour    |    19 |     5 ||    24
Dodge: Dodged            |    28 |    16 ||    44

Table legend: (Time is in decaauts)
 A = Elapsed time spent in this place.
 B = Non-inter-level travel time spent in this place.
 C = Inter-level travel time spent in this place.
 D = Time resting spent in this place.
 E = Time spent auto-exploring this place.
 F = Levels seen in this place.
 G = Mean time per level.
                   A        B        C        D        E       F      G
               +--------+--------+--------+--------+--------+-----+--------+
         Total |   2655 |   2582 |     73 |    226 |   2005 |   4 |  663.8 |
       Dungeon |   2655 |   2582 |     73 |    226 |   2005 |   4 |  663.8 |
               +--------+--------+--------+--------+--------+-----+--------+

Top non-repeatable levels by time:
     D:3: 848 daAuts
     D:2: 786 daAuts
     D:1: 775 daAuts
     D:4: 245 daAuts
